AoeStats
← [CL] Al3jandr0.magn00

Arabia

505561966Analyzed
1v1 RM · 22d ago on Sep 10, 2026· 24m 27s· 2 players
Game mode
Random Map
Map size
Tiny (2 player)
Population
200
Speed
Normal
Resources
Standard
Victory
Conquest
Starting age
Dark Age
Ending age
Imperial Age
RankedLock teamsTeams togetherTeam positionsShared explorationLock speedFull tech treeHidden civsTurbo modeCheats
Victory
Defeat
🇹🇷 Bulgarians · Türkiye
2024
+12
🇦🇷 Japanese · Argentina
1927
-12
[CL] Al3jandr0.magn00
6:18 Loom
9:10 Feudal Age
9:16 Man-at-Arms
(***AlBy_Bkr***)
5:40 Loom
9:12 Feudal Age
10:22 Arson
10:45 Scale Mail Armor
11:13 Forging
13:31 Fletching
14:17 Padded Archer Armor
24:29 Castle Age
23:08 Double-Bit Axe
23:04 Horse Collar
25:09 Scale Barding Armor
Connection lost

Rejoining the realm…

Still unreachable

The connection could not be restored.

Session expired

The server has moved on; the page needs a fresh start.